 Dungeon Crawl Stone Soup version 0.25.1-2-g60ff931df9 (webtiles) character file.

Game seed: 15203783856355817111

617 Johnny the Poker (level 7, 0/53 HPs)
             Began as a Demigod Gladiator on Aug 13, 2020.
             Succumbed to Duvessa's poison
             ... on level 5 of the Dungeon.
             The game lasted 00:05:28 (5157 turns).

Johnny the Poker (Demigod Gladiator)                Turns: 5157, Time: 00:05:29

Health: 0/53       AC:  8    Str: 21    XL:     7   Next: 1%
Magic:  9/9        EV: 13    Int: 12    God:
Gold:   191        SH:  0    Dex: 17    Spells: 6/6 levels left

rFire    + . .     SeeInvis .   a - +0 trident
rCold    + + .     Gourm    .   (no shield)
rNeg     . . .     Faith    .   k - +3 leather armour
rPois    +         Spirit   .   c - +0 helmet
rElec    +         Reflect  .   (no cloak)
rCorr    +         Harm     .   (no gloves)
MR       .....                  q - +0 pair of boots
Stlth    +.........             (no amulet)
HPRegen  0.17/turn              n - ring of protection from cold
MPRegen  0.11/turn              (no ring)

@: lethally poisoned (0 -> -3), about to teleport, resistant
A: high mp 1
a: no special abilities


You were on level 5 of the Dungeon.
You were hungry.

You visited 1 branch of the dungeon, and saw 5 of its levels.

You collected 191 gold pieces.

Inventory:

Hand Weapons
 a - a +0 trident (weapon)
Armour
 c - a +0 helmet (worn)
 d - a +1 leather armour of fire resistance
 k - a +3 leather armour (worn)
 q - a +0 pair of boots (worn)
Jewellery
 n - a ring of protection from cold (left hand)
Scrolls
 b - a scroll of fog {unknown}
 g - a scroll of random uselessness {unknown}
 h - a scroll of amnesia
 o - 2 scrolls of teleportation
 p - 4 scrolls of remove curse {unknown}
 r - 4 scrolls of magic mapping {unknown}
 t - a scroll of immolation {unknown}
Potions
 e - 2 potions of brilliance
 i - a potion of haste
 j - 2 potions of flight
 s - a potion of mutation
Comestibles
 f - 10 rations


   Skills:
 - Level 1.7 Fighting
 + Level 7.7 Polearms
 - Level 1.7 Throwing
 - Level 2.6 Dodging


You had 6 spell levels left.
You didn't know any spells.
Your spell library was empty.

Dungeon Overview and Level Annotations

Branches:
Dungeon (5/15)
 Temple: D:4-7

Annotations:
D:5 Duvessa


Innate Abilities, Weirdness & Mutations

You have an increased reservoir of magic. (+10% MP)


Message History

You feel sick.
Okay, then.
Okay, then.
Press: ? - help, v - describe, . - travel
Here: Duvessa, wielding a +0 short sword, wearing a +0 scale mail and quivering 7 poisoned darts (lightly wounded, slow)
The floor, spattered with blood.
As you read the scroll of identify, it crumbles to dust.
s - a potion of mutation Duvessa closely misses you.
You feel protected.
You feel sick. Duvessa hits you with a +0 short sword!
* * * LOW HITPOINT WARNING * * *
Unknown command.
Okay, then.
As you read the scroll labeled XIJEAN ZEEH, it crumbles to dust.
It is a scroll of amnesia.
You feel forgetful for a moment.
As you read the scroll labeled MIODUTT VIEMAH, it crumbles to dust.
You feel strangely unstable.
It was a scroll of teleportation.
You die...

#... ##..## ....#
#...# #...# #...#
#####'############
.).............e.#
.####.##########@#
......# #(#
......# #(#
#..##.# #.#
##.##.# #.#
##.##(# ..# #
..#.# ### ###.#
.....


You could see Duvessa (slow).

Vanquished Creatures
  Sigmund (D:3)
  Dowan (D:5)
  A crimson imp (D:4)
  A jelly (D:5)
  An orc priest (D:3)
  2 orc wizards
  2 worker ants
  7 adders
  A shadow imp (D:5)
  2 oozes (D:3)
  A dart slug (D:1)
  3 leopard geckos
  27 orcs
  4 giant cockroaches
  6 goblins
  12 hobgoblins
  10 jackals
  3 quokkas
  9 bats
  3 frilled lizards
  8 kobolds
  6 rats
111 creatures vanquished.

Vanquished Creatures (others)
  11 toadstools (D:5)
11 creatures vanquished.

Grand Total: 122 creatures vanquished

Notes
Turn   | Place    | Note
-------+----------+-------------------------------------------
     0 | D:1      | Johnny the Demigod Gladiator began the quest for the Orb.
     0 | D:1      | Reached XP level 1. HP: 17/17 MP: 3/3
    33 | D:1      | Reached skill level 3 in Polearms
   149 | D:1      | Reached XP level 2. HP: 24/24 MP: 4/4
  1188 | D:2      | Reached skill level 4 in Polearms
  1188 | D:2      | Reached XP level 3. HP: 29/29 MP: 5/5
  1884 | D:3      | Noticed Sigmund
  1981 | D:3      | Killed Sigmund
  1981 | D:3      | Reached skill level 5 in Polearms
  1981 | D:3      | Reached XP level 4. HP: 29/36 MP: 6/6
  1981 | D:3      | Reached XP level 5. HP: 33/41 MP: 7/7
  2054 | D:3      | Reached skill level 6 in Polearms
  2512 | D:3      | Reached XP level 6. HP: 33/48 MP: 8/8
  2866 | D:3      | Found a sacrificial altar of Ru.
  3252 | D:2      | Found an opulent altar of Gozag.
  4490 | D:5      | Entered Level 5 of the Dungeon
  4500 | D:5      | Noticed Dowan
  4501 | D:5      | Noticed Duvessa
  4529 | D:5      | Killed Dowan
  4529 | D:5      | Reached skill level 7 in Polearms
  5078 | D:5      | Reached XP level 7. HP: 39/53 MP: 9/9
  5155 | D:5      | HP: 1/53 [Duvessa/+0 short sword (8)]
  5157 | D:5      | Succumbed to Duvessa's poison

Illustrated notes

Levels and vault maps discovered:
D:1:      tarquinn_simple_flora_water_f, layout_basic,
          minmay_misc_feat_nine_boxes, minmay_hedge_maze
D:2:      layout_basic, grunt_gozag_breadcrumbs
D:3:      layout_basic, hangedman_ru_absence, uniq_sigmund
D:4:      layout_layer_cave
D:5:      cheibrodos_fertilizer, layout_basic, first_ration, uniq_duvessa,
          uniq_grinder, uniq_ijyb

Skill      XL: |  1  2  3  4  5  6 |
---------------+-------------------+-----
Polearms       | 3 4 5 6 7 |  7.7
Fighting       | |  1.7
Throwing       | |  1.7
Dodging        | |  2.6

Action                   |  1- 3 |  4- 6 |  7- 9 || total
-------------------------+-------+-------+-------++-------
Melee: Trident           |   150 |   303 |     4 ||   457
Throw: Throwing net      |     3 |     3 |       ||     6
  Use: Potion            |     4 |     1 |     1 ||     6
       Scroll            |     2 |       |     4 ||     6
 Stab: Sleeping          |     2 |     2 |       ||     4
       Held in net/web   |     1 |       |       ||     1
  Eat: Chunk             |     3 |    10 |       ||    13
Armor: Leather armour    |    45 |    92 |     1 ||   138
       Skin              |    11 |    22 |       ||    33
Dodge: Dodged            |   121 |   207 |     8 ||   336
